cohdb
Replays
Latest Replays
All Replays
Popular Replays
Top Player Replays
Match Explorer
How It Works
Community
CoH3 Stats
Reddit
Sign in to upload your games and track your stats! →
Sign in with Steam
Match 45179598
Unlisted
Match 45179598
Overview
Messages
Build Orders
End
Kradschützen Motorcycle Team
Selects Italian Combined Arms Battlegroup
Selects Bersaglieri Squad
Bersaglieri Squad
Bersaglieri Squad
Bersaglieri Squad
Selects Bersaglieri Bolster
Construct Light Support Kompanie
Fire Support Elements
Flakvierling Half-track
Selects Breda Model 30 Light Machine Guns
Panzerjäger Mechanized Group
Vehicle Survival Package
Construct Panzerarmee Kommand
Selects Semovente da 75/18 Assault Gun
Panzer III L Medium Tank
Selects Strafing Run
Armored Reserves
Selects Artillery Cover
StuG Assault Group
Artillery Cover
Panzer III L Medium Tank
Emergency Repair Kits
Artillery Cover
T.R. Olvadi
Makros
Swan
Ark Royal
0
0
Comments
sign in to comment!
No comments posted yet!